 Dungeon Crawl Stone Soup version 0.30.1-4-g462c640d31 (webtiles) character file.

Game seed: 2508163811171926194

453338 ImaNewbie the Slayer (level 25, -12/198 HPs)
             Began as a Formicid Monk on Sept 13, 2023.
             Was the Champion of Hepliaklqana.
             Mangled by a rockslime (29 damage)
             ... on level 5 of the Pits of Slime on Sept 16, 2023.
             The game lasted 06:03:37 (64053 turns).

ImaNewbie the Slayer (Formicid Monk)               Turns: 64053, Time: 06:03:38

Health: -12/198    AC: 39    Str: 26    XL:     25   Next: 85%
Magic:  30/30      EV: 16    Int: 15    God:    Hepliaklqana [******]
Gold:   1837       SH: 16    Dex: 16    Spells: 23/34 levels left

rFire   + + .        a - +9 bardiche (vamp)
rCold   + . .        R - +0 kite shield {rPois}
rNeg    . . .        Z - +1 crystal plate armour {rC+}
rPois   +            (helmet unavailable)
rElec   +            j - +2 cloak {rF+}
rCorr   .            o - +2 pair of gloves {Str+3}
SInv    +            k - +1 pair of boots
Will    ++++.        m - amulet of the acrobat Stlth
                     A - ring of Wefong {rElec rF+ Will++ AC+4, =R}
HPRegen 0.53/turn    C - +5 ring of evasion
MPRegen 0.22/turn

%: acrobat, clarity
@: corroded
A: reduced essence, permanent stasis, dig shafts and tunnels, antennae 3, four
strong arms, clarity, mutation resistance 1, screaming 1
}: 1/15 runes: gossamer
a: Dig, Shaft Self, Renounce Religion, Recall Ancestor, Ancestor Identity,
Transference, Idealise


You were on level 5 of the Pits of Slime.
You worshipped Hepliaklqana.
Hepliaklqana was exalted by your worship.
You visited 10 branches of the dungeon, and saw 47 of its levels.
You also visited: Gauntlet, Ice Cave and Volcano.

You collected 5619 gold pieces.
You spent 3782 gold pieces at shops.

Inventory:

Hand Weapons
 a - a +9 vampiric bardiche (weapon)
 b - the +18 lance "Wyrmbane" {slay drac, rPois rF+ rC+ AC+3}
   (You bought it in a shop on level 2 of the Depths)

   AC:        It affects your AC (+3).
   rF:        It protects you from fire.
   rC:        It protects you from cold.
   rPois:     It protects you from poison.
 w - a +2 glaive of flaming
Missiles
 g - 4 boomerangs of dispersal
 q - 17 curare-tipped darts (quivered)
 Q - 9 silver javelins
Armour
 j - a +2 cloak of fire resistance (worn)
 k - a +1 pair of boots (worn)
 o - a +2 pair of gloves of strength (worn)
 R - a +0 kite shield of poison resistance (worn)
 V - +1 ice dragon scales
 Z - a +1 crystal plate armour of cold resistance (worn)
Jewellery
 m - an amulet of the acrobat (around neck)
 A - the ring of Wefong (left hand) {rElec rF+ Will++ AC+4, =R}
   (You found it on level 3 of the Spider Nest)

   [ring of protection]

   AC:        It affects your AC (+4).
   rF:        It protects you from fire.
   rElec:     It insulates you from electricity.
   Will:      It greatly increases your willpower.
 B - the ring of Propriety {Fly rF+ rCorr}
   (You took it off a deep elf blademaster on level 3 of the Elven Halls)

   [ring of flight]

   rF:        It protects you from fire.
   Fly:       It grants you flight.
   rCorr:     It protects you from acid and corrosion.
 C - a +5 ring of evasion (right hand)
 D - a ring of willpower
 F - a +6 ring of strength
 O - a ring of protection from cold
 T - a ring of wizardry
 Y - a ring of poison resistance
Wands
 t - a wand of quicksilver (25)
 v - a wand of roots (45)
 z - a wand of digging (8)
 I - a wand of polymorph (56)
 K - a wand of flame (100)
 N - a wand of charming (36)
Scrolls
 l - 6 scrolls of poison
 n - 7 scrolls of fog
 p - 13 scrolls of vulnerability
 r - 23 scrolls of identify
 y - 4 scrolls of silence
 E - a scroll of magic mapping
 H - 2 scrolls of immolation
 S - 11 scrolls of fear
 W - 2 scrolls of enchant weapon
 X - 5 scrolls of enchant armour
Potions
 c - 8 potions of ambrosia
 d - 9 potions of brilliance
 e - 13 potions of attraction
 f - 20 potions of curing
 h - 4 potions of heal wounds
 i - 6 potions of invisibility
 s - 7 potions of magic
 u - 4 potions of flight
 G - 7 potions of might
 J - 2 potions of cancellation
 M - 8 potions of lignification
 P - 4 potions of resistance
Miscellaneous
 x - a box of beasts
 L - a phantom mirror
 U - a lightning rod (4/4)


   Skills:
 + Level 23.0 Fighting
 - Level 4.0 Short Blades
 + Level 21.9 Polearms
 + Level 21.6 Armour
 - Level 10.2 Dodging
 - Level 5.0 Stealth
 - Level 20.0 Shields
 - Level 5.0 Spellcasting
 - Level 4.0 Transmutations
 - Level 2.0 Air Magic
 - Level 10.2 Earth Magic
 - Level 12.0 Poison Magic
 - Level 8.0 Invocations
 - Level 4.0 Evocations


You had 23 spell levels left.
You knew the following spells:

 Your Spells              Type           Power      Damage    Failure   Level
a - Poisonous Vapours     Pois/Air       48%        N/A       21%         2
b - Passwall              Tmut/Erth      20%        N/A       19%         2
c - Olgreb's Toxic Radia  Pois           39%        N/A       17%         4
d - Ignite Poison         Fire/Tmut/Pois 19%        N/A       63%         3

Your spell library contained the following spells:

 Spells                   Type           Power      Damage    Failure   Level
 Sting                    Tmut/Pois      100%       1d8       9%          1
 Cigotuvi's Dreadful Rot  Necr/Pois/Air  34%        N/A       47%         2
 Stone Arrow              Conj/Erth      38%        3d9       65%         3
 Mephitic Cloud           Conj/Pois/Air  17%        N/A       71%         3
 Apportation              Tloc           6%         N/A       93%         1
 Foxfire                  Conj/Fire      12%        2x1d4     93%         1
 Freeze                   Ice            12%        1d3       93%         1
 Magic Dart               Conj           12%        1d3       93%         1
 Necrotise                Necr           12%        1d4       93%         1
 Summon Small Mammal      Summ           12%        N/A       93%         1
 Alistair's Intoxication  Tmut/Pois      18%        N/A       94%         5
 Animate Armour           Summ/Erth      38%        N/A       96%         4
 Call Imp                 Summ           6%         N/A       98%         2
 Ensorcelled Hibernation  Hex/Ice        6%         N/A       98%         2
 Lesser Beckoning         Tloc           6%         N/A       98%         2
 Momentum Strike          Conj/Tloc      6%         3d8       98%         2
 Searing Ray              Conj           6%         2d4       98%         2
 Call Canine Familiar     Summ           3%         N/A       100%        3
 Dazzling Flash           Conj/Hex       6%         N/A       100%        3
 Frozen Ramparts          Ice            6%         1d1       100%        3
 Gell's Gravitas          Tloc           3%         N/A       100%        3
 Hailstorm                Conj/Ice       3%         3d3       100%        3
 Inner Flame              Hex/Fire       3%         N/A       100%        3
 Ozocubu's Armour         Ice            3%         N/A       100%        3
 Summon Guardian Golem    Hex/Summ       3%         N/A       100%        3
 Teleport Other           Tloc           3%         N/A       100%        3
 Tukima's Dance           Hex            3%         N/A       100%        3
 Animate Dead             Necr           3%         N/A       100%        4
 Cause Fear               Hex            1%         N/A       100%        4
 Dispel Undead            Necr           3%         3d7       100%        4
 Flame Wave               Conj/Fire      3%         2d5       100%        4
 Fulminant Prism          Conj/Hex       1%         3d5       100%        4
 Ice Form                 Ice/Tmut       9%         N/A       100%        4
 Manifold Assault         Tloc           3%         N/A       100%        4
 Passage of Golubria      Tloc           3%         N/A       100%        4
 Sticky Flame             Conj/Fire      3%         2d3       100%        4
 Summon Ice Beast         Ice/Summ       3%         N/A       100%        4
 Blade Hands              Tmut           7%         N/A       100%        5
 Borgnjor's Vile Clutch   Necr/Erth      9%         N/A       100%        5
 Fireball                 Conj/Fire      1%         3d3       100%        5
 Freezing Cloud           Conj/Ice/Air   2%         6-21      100%        5
 Iskenderun's Battlesphe  Conj           3%         2d6       100%        5
 Metabolic Englaciation   Hex/Ice        1%         N/A       100%        5
 Silence                  Hex/Air        3%         N/A       100%        5
 Summon Mana Viper        Hex/Summ       3%         N/A       100%        5
 Yara's Violent Unravell  Hex/Tmut       4%         3d4       100%        5
 Conjure Ball Lightning   Conj/Air       3%         3x3d6     100%        6
 Death Channel            Necr           1%         N/A       100%        6
 Dispersal                Tloc           1%         N/A       100%        6
 Eringya's Noxious Bog    Tmut/Pois      13%        N/A       100%        6
 Iron Shot                Conj/Erth      9%         9d3       100%        6
 Plasma Beam              Fire/Air       3%         2x1d14    100%        6
 Simulacrum               Ice/Necr       1%         N/A       100%        6
 Starburst                Conj/Fire      1%         6d3       100%        6
 Statue Form              Tmut/Erth      16%        N/A       100%        6
 Dragon Form              Tmut           7%         N/A       100%        7
 Haunt                    Necr/Summ      1%         N/A       100%        7
 Orb of Destruction       Conj           1%         9d5       100%        7
 Ozocubu's Refrigeration  Ice            1%         4d7       100%        7
 Spellforged Servitor     Conj/Summ      1%         N/A       100%        7
 Discord                  Hex            1%         N/A       100%        8
 Disjunction              Tloc           1%         N/A       100%        8
 Ignition                 Fire           1%         3d3       100%        8
 Lehudib's Crystal Spear  Conj/Erth      9%         10d4      100%        8
 Summon Horrible Things   Summ           1%         N/A       100%        8
 Dragon's Call            Summ           1%         N/A       100%        9
 Swiftness                Air            Unusable   N/A       N/A         3
 Blink                    Tloc           Unusable   N/A       N/A         2

Dungeon Overview and Level Annotations

Branches:
Dungeon (15/15) Zot: 23666  Temple (1/1) D:4 Zot: 5979    Lair (5/5) D:8 Zot: 22808
  Swamp (4/4) Lair:2 Zot: 19094  Spider (4/4) Lair:3 Zot: 17233   Slime (5/5) Lair:4 Zot: 26648
    Orc (2/2) D:11 Zot: 10120     Elf (3/3) Orc:2 Zot: 11513  Vaults (4/5) D:13 Zot: 18485
  Crypt (0/3) Vaults:3     Depths (4/4) D:15 Zot: 15588     Zot (0/5) Depths:4
  IceCv (visited)         Volcano (visited)         Gauntlet (visited)

Altars:
Ashenzari
Cheibriados
Dithmenos
Elyvilon
Fedhas
Gozag
Hepliaklqana
Kikubaaqudgha
Makhleb
Nemelex Xobeh
Okawaru
Qazlal
Ru
Sif Muna
Trog
Uskayaw
Vehumet
Wu Jian
Xom
Yredelemnul
Zin
The Shining One

Shops:
D:6 ?   D:10 *   D:11 *   Orc:1 ((   Orc:2 *![!   Elf:1 =   Vaults:1 **?=!
Vaults:3 ?   Depths:1 ::   Depths:2 [(

Portals:
Hell: Depths:1 Depths:2 Depths:3 Depths:4
Abyss: Depths:3
Pandemonium: Depths:2 Depths:4
Ziggurat: Depths:1

Annotations:
Swamp:1 Roxanne
Swamp:2 1 runed translucent door, exclusion: door, xfalz's ghost, journeyman GnSk
Swamp:4 Lernaean hydra
Vaults:4 1 runed translucent door, exclusion: door


Innate Abilities, Weirdness & Mutations

Your life essence is reduced to manifest your ancestor. (-10% HP)
You cannot be hasted, slowed, berserked, paralysed or teleported.
You can dig through walls and to a lower floor.
You have a pair of large antennae on your head. (SInv)
Your four strong arms can wield two-handed weapons with a shield.
You possess an exceptional clarity of mind.
You are somewhat resistant to further mutation.
You occasionally shout uncontrollably at your foes.


Message History

You block the rockslime's attack.
You block the slime creature's attack. x2
You feel much better.
The acid blob hits you but does no damage. x2
The rockslime hits you but does no damage.
The slime creature hits you but does no damage.
The slime creature misses you. The acid blob spits acid at you.
The splash of acid hits you.
* * * LOW HITPOINT WARNING * * *
You feel much better. The acid blob spits acid at you.
The splash of acid hits you!!
* * * LOW HITPOINT WARNING * * *
The rockslime hits you!!
* * * LOW HITPOINT WARNING * * *
You hold your ground!
The acid blob spits acid at you. The splash of acid hits you.
* * * LOW HITPOINT WARNING * * *
The acid corrodes you! The slime creature misses you.
You block the slime creature's attack.
The acid blob hits you but does no damage.
Press: ? - help, v - describe, . - travel
Here: an acid blob (heavily wounded)
The floor.
Okay, then.
Unknown command.
Unknown command.
Okay, then.
Unknown command.
Press: ? - help, v - describe, . - travel
Here: a slime creature The floor.
Unknown command.
Aiming: Fastroot
Press: ? - help, Shift-Dir - straight line, f - you The roots erupt in riotous growth!
The acid blob is unaffected.
The slime creature is unaffected. x2; The rockslime is unaffected.
The acid blob is unaffected.
The rockslime hits you!!
You die...

.........J....##.#
.......J@........###
.......JJJ.......#.##
....................# ##
..................####.#
......................#
###..................##
##..................#
#..................##
##..................##
##..................#
##................##
#..................#
#..................#
.................#
.................
................


You could see 2 acid blobs, 2 slime creatures and a rockslime.

Vanquished Creatures
  Mara (Vaults:2)
  A juggernaut (Depths:1)
  Margery (Depths:3)
  4 caustic shrikes (Depths:4)
  Nikola (Elf:2)
  2 golden dragons
  A bone dragon (Depths:4)
  A doom hound (Depths:1)
  A Tzitzimitl (Depths:3)
  Zenata (Vaults:1)
  A tentacled monstrosity (Swamp:1)
  A hellephant (Depths:1)
  2 liches
  Mlioglotl (Spider:4)
  4 deep elf blademasters
  A deep elf master archer (Depths:1)
  An Executioner (Depths:3)
  6 acid blobs
  Frances (Swamp:1)
  A fenstrider witch (Swamp:1)
  3 sphinxes
  A shadow dragon (Depths:4)
  Donald (Vaults:2)
  2 rockslimes
  3 fire giants
  A draconian scorcher (Depths:4)
  3 frost giants
  6 deep elf sorcerers
  3 ghost moths (Spider:4)
  4 spectral caustic shrikes (Depths:2)
  2 caustic shrike zombies (Depths:3)
  An angel (Vaults:2)
  3 emperor scorpions
  6 vault wardens
  A juggernaut zombie (Depths:3)
  3 deep elf elementalists (Elf:3)
  4 ghouls (Swamp:4)
  A draconian shifter (Depths:4)
  16 ironbound preservers
  14 very ugly things
  2 reapers (Depths:3)
  2 orc warlords
  A juggernaut skeleton (Depths:3)
  2 quicksilver oozes
  2 broodmothers
  10 stone giants
  A green draconian (Depths:4)
  8 ironbound thunderhulks
  A vampire knight (Depths:2)
  4 deep elf annihilators (Elf:3)
  2 eleionomae
  2 deep elf demonologists (Elf:3)
  2 black draconians (Depths:4)
  2 bunyips
  2 dire elephants
  A white draconian (Depths:4)
  Azrael (D:14)
  17 spark wasps
  8 ettins
  4 deep elf death magi
  Josephine (Swamp:1)
  7 fire dragons
  A crystal guardian (Vaults:4)
  4 deep elf high priests
  A spectral spriggan (Depths:3)
  7 yaktaur captains
  3 entropy weavers
  3 jiangshi (Depths:1)
  6 great orbs of eyes
  Erolcha (D:11)
  14 hydras
  A catoblepas (Lair:5)
  3 ogre magi (D:15)
  A hell beast (Depths:3)
  2 peacekeepers (Vaults:4)
  A spectral sphinx (Depths:3)
  6 ironbound frosthearts
  2 rakshasas (Depths:3)
  10 centaur warriors
  8 ice dragons
  A ghost crab (Swamp:4)
  4 alligators
  4 radroaches
  3 jorogumos
  An anaconda (shapeshifter) (Depths:2)
  16 dancing weapons
  10 two-headed ogres
  2 deep troll shamans (Depths:4)
  5 boulder beetles
  A death scarab (Spider:4)
  5 death yaks
  2 spectral frost giants (Depths:3)
  2 vampire magi
  A spriggan berserker (Depths:1)
  8 tengu warriors
  3 orc high priests (Orc:2)
  A soul eater (Depths:3)
  7 hell knights
  3 spriggans (Swamp:1)
  12 deep elf knights
  2 sun moths
  A titan skeleton (Depths:3)
  A pharaoh ant (Spider:1)
  A skyshark (Lair:5)
  5 iron trolls
  Lodul (D:14)
  A spectral spark wasp (Depths:3)
  2 flayed ghosts (Depths:3)
  66 deep trolls
  A spriggan druid (Swamp:2)
  4 skeletal warriors (D:15)
  6 swamp dragons
  A shadow demon (Depths:4)
  8 deep elf archers
  3 goliath frogs
  4 orb spiders
  4 bog bodies
  A quicksilver dragon simulacrum (Depths:3)
  5 glowing orange brains
  16 ironbound convokers
  5 wizards
  5 steelbarb worms
  7 orc knights
  2 tengu zombies (Depths:3)
  13 lindwurms
  17 deep elf zephyrmancers
  A golden dragon zombie (Depths:3)
  5 harpies
  5 necromancers
  29 deep elf pyromancers
  13 wolf spiders
  2 phantasmal warriors (Depths:2)
  35 ugly things
  6 orc sorcerers
  A shining eye (shapeshifter) (Depths:4)
  2 shining eyes
  2 cyclopes
  A shadow dragon skeleton (Depths:3)
  4 manticores
  3 moths of wrath
  20 elephants
  4 salamanders (Volcano)
  A guardian serpent (shapeshifter) (D:14)
  13 vault sentinels
  2 orange demons (Depths:4)
  2 eyes of devastation
  5 torpor snails
  5 demonic crawlers
  A titan simulacrum (Depths:3)
  4 black mambas
  A smoke demon (Depths:4)
  2 ice statues (IceCv)
  2 komodo dragons
  3 gargoyles
  6 cane toads
  2 rime drakes (Lair:5)
  A storm dragon simulacrum (Depths:3)
  36 yaktaurs
  An anaconda simulacrum (IceCv)
  A kobold demonologist (D:11)
  A freezing wraith (D:15)
  3 tengu conjurers
  2 tormentors (Depths:3)
  2 efreet (D:15)
  A hellwing (Depths:4)
  6 ice devils
  3 trolls
  9 polar bears
  3 large abominations (Elf:1)
  5 hornets
  23 tarantellas
  6 tyrant leeches
  A raiju (Lair:5)
  A sphinx simulacrum (Depths:3)
  A blink frog (shapeshifter) (Elf:1)
  3 dream sheep (Lair:5)
  11 blink frogs
  52 slime creatures
  An iron dragon simulacrum (Depths:3)
  10 culicivoras
  13 jumping spiders
  3 air elementals
  A fire elemental (D:13)
  11 wyverns
  7 shadows
  2 spriggans (shapeshifter)
  A hog (Lair:2)
  9 wraiths
  47 yaks
  3 basilisks
  3 death yak simulacra
  2 chaos spawn (Depths:4)
  A golden eye (Slime:3)
  3 steam dragons
  14 vampire mosquitoes
  A neqoxec (Depths:4)
  52 redbacks
  A harpy simulacrum (IceCv)
  A glowing shapeshifter zombie (Depths:3)
  5 wargs
  A hydra simulacrum (IceCv)
  15 swamp worms
  4 acid dragons
  A glowing shapeshifter skeleton (Depths:3)
  A floating eye (Depths:2)
  13 water moccasins
  14 hell hounds
  2 hexers
  2 swamp drakes
  28 orc warriors
  13 ogres
  11 black bears
  6 centaurs
  18 wolves
  6 kobold brigands
  2 elf zombies (Elf:1)
  2 gnoll sergeants
  2 scorpions
  A cane toad simulacrum (IceCv)
  10 bullfrogs
  4 wights (D:8)
  4 killer bees (D:9)
  2 electric eels
  2 howler monkeys (D:10)
  4 hounds
  A gnoll bouda (D:9)
  14 orc priests
  2 iguanas
  19 orc wizards
  Ijyb (D:3)
  A polar bear simulacrum (IceCv)
  A troll simulacrum (IceCv)
  A wolf simulacrum (IceCv)
  7 spriggan simulacra
  10 gnolls
  4 adders
  5 naga simulacra
  2 shadow imps
  4 white imps
  5 ufetubi
  An adder zombie (D:3)
  7 worms
  A dart slug (D:1)
  81 orcs
  2 ball pythons
  5 endoplasms
  4 giant cockroaches
  7 goblins
  9 hobgoblins
  3 jackals (D:2)
  25 kobolds
  A quokka (D:1)
  2 ball python skeletons (D:3)
  A bat (D:2)
  3 frilled lizards
  A jackal skeleton (D:3)
  A quokka zombie (D:3)
  A rat (D:2)
  A spectral orc (D:11)
1486 creatures vanquished.

Vanquished Creatures (collateral kills)
  Mennas (Depths:3)
  A caustic shrike (Depths:4)
  A hellephant (Depths:1)
  Jorgrun (Spider:3)
  A lich (Depths:1)
  An Executioner (Depths:3)
  A sphinx (Vaults:3)
  Kirke (Lair:2)
  A thorn hunter (Swamp:3)
  3 frost giants
  A rockslime (Slime:3)
  A fire giant (Depths:1)
  A fire giant (shapeshifter) (Depths:1)
  2 azure jellies (Slime:5)
  4 deep elf sorcerers
  2 ghost moths (Spider:3)
  A spectral caustic shrike (Depths:3)
  An emperor scorpion (Spider:3)
  A deep elf elementalist (Elf:3)
  An angel (Vaults:2)
  A broodmother (Spider:3)
  A reaper (IceCv)
  6 ironbound preservers
  3 quicksilver oozes
  4 stone giants
  An ironbound thunderhulk (Vaults:3)
  4 very ugly things
  A bunyip (Swamp:4)
  3 deep elf annihilators (Elf:3)
  3 eleionomae
  A minotaur (Gauntlet)
  A spark wasp (Spider:1)
  2 ettins
  A crystal guardian (Vaults:1)
  2 deep elf death magi (Depths:3)
  An entropy weaver (Spider:4)
  3 yaktaur captains
  A fire dragon (Depths:3)
  A great orb of eyes (Vaults:4)
  A rakshasa (Depths:3)
  An ice dragon (Depths:3)
  A peacekeeper (Vaults:1)
  3 hydras
  A catoblepas (D:10)
  2 ironbound frosthearts
  2 boulder beetles
  2 centaur warriors (Vaults:2)
  5 alligators
  6 two-headed ogres
  A death scarab (Gauntlet)
  2 vampire magi (Depths:3)
  A deep troll shaman (Depths:4)
  3 death yaks
  A deep troll earth mage (Depths:2)
  8 dancing weapons (Elf:2)
  A tengu warrior (Depths:1)
  3 deep elf knights (Elf:2)
  A storm dragon zombie (Depths:3)
  An iron troll (Depths:4)
  A pharaoh ant (Spider:1)
  A spectral spark wasp (Depths:3)
  A hell knight (Depths:3)
  3 goliath frogs
  A bog body (Swamp:2)
  5 swamp dragons
  A glowing orange brain (Depths:1)
  10 deep trolls
  An orb spider (Spider:3)
  A spriggan druid (Swamp:4)
  A flayed ghost (Depths:3)
  2 wizards
  An ironbound convoker (Vaults:3)
  2 lindwurms
  2 deep elf archers (Elf:3)
  A tengu zombie (Depths:3)
  5 deep elf zephyrmancers
  2 necromancers
  4 deep elf pyromancers
  A wolf spider (Spider:3)
  2 shining eyes
  3 ugly things
  3 orc knights
  A will-o-the-wisp (Swamp:4)
  A cyclops (Orc:2)
  A moth of wrath (Spider:4)
  2 elephants
  2 vault sentinels
  2 eyes of devastation
  4 cane toads
  An unseen horror (D:10)
  7 yaktaurs
  2 rime drakes
  2 komodo dragons (Lair:5)
  3 ice devils (IceCv)
  2 polar bears (Lair:5)
  4 tarantellas
  6 tyrant leeches
  2 hornets
  A troll (Orc:1)
  7 blink frogs
  A spectral dream sheep (Gauntlet)
  A raiju (Lair:5)
  18 slime creatures
  An air elemental (Elf:3)
  A water elemental (Elf:1)
  3 jumping spiders (Spider:4)
  5 culicivoras
  A dire elephant simulacrum (IceCv)
  3 spriggans (Swamp:3)
  3 fire elementals
  8 yaks
  A wraith (Swamp:1)
  2 golden eyes (Slime:3)
  A steam dragon (D:7)
  A basilisk (D:8)
  9 redbacks
  5 vampire mosquitoes
  A warg (Lair:5)
  4 water moccasins
  2 swamp worms
  5 hell hounds (Lair:5)
  5 swamp drakes
  2 black bears
  5 orc warriors
  A centaur (D:9)
  An ogre (D:11)
  13 wolves
  3 kobold brigands
  3 bullfrogs
  An earth elemental (Elf:3)
  A two-headed ogre simulacrum (IceCv)
  2 scorpions (D:5)
  2 elephant simulacra
  A killer bee (D:5)
  4 hounds
  5 orc priests
  3 sleepcaps
  5 orc wizards
  An iguana (D:8)
  5 gnolls
  2 adders (D:5)
  A white imp (IceCv)
  2 ufetubi
  37 orcs
  A giant cockroach (Lair:3)
  6 kobolds
405 creatures vanquished.

Vanquished Creatures (others)
  A frost giant (Depths:3)
  A very ugly thing (Depths:1)
  A swamp dragon (Swamp:4)
  An orb spider (Spider:4)
  A deep elf zephyrmancer (Elf:3)
  An ironbound convoker (Vaults:2)
  A deep elf pyromancer (Elf:3)
  An orc sorcerer (Elf:2)
  A human (Swamp:1)
  A hog (Swamp:1)
  A hell hound (D:14)
  A swamp drake (Swamp:2)
  An orc priest (Orc:2)
  72 hexers
  2 foxfires (Swamp:4)
87 creatures vanquished.

Grand Total: 1978 creatures vanquished

Notes
Turn   | Place    | Note
-------+----------+-------------------------------------------
     0 | D:1      | ImaNewbie the Formicid Monk began the quest for the Orb.
     0 | D:1      | Reached XP level 1. HP: 18/18 MP: 1/1
   315 | D:1      | Reached XP level 2. HP: 24/24 MP: 2/2
   995 | D:2      | Reached XP level 3. HP: 30/30 MP: 3/3
  1135 | D:2      | Reached skill level 4 in Fighting
  1694 | D:2      | Found a hide-covered altar of Uskayaw.
  1915 | D:1      | Reached skill level 1 in Stealth
  1915 | D:1      | Reached XP level 4. HP: 8/37 MP: 4/4
  2819 | D:3      | Reached XP level 5. HP: 42/43 MP: 5/5
  3194 | D:3      | Noticed Ijyb
  3213 | D:3      | Killed Ijyb
  3396 | D:4      | Found a staircase to the Ecumenical Temple.
  3413 | Temple   | Entered the Ecumenical Temple
  3427 | Temple   | Became a worshipper of Hepliaklqana the Forgotten
  3427 | Temple   | Reached * piety under Hepliaklqana
  3427 | Temple   | Reached ** piety under Hepliaklqana
  3428 | Temple   | Remembered your ancestor Ælfthryth as a hexer
  3583 | D:4      | Found a burning altar of Makhleb.
  3587 | D:4      | Noticed a balrug
  3601 | D:4      | Noticed a ynoxinul
  3601 | D:4      | Noticed a hellwing
  3799 | D:4      | Found an opulent altar of Gozag.
  4049 | D:5      | Entered Level 5 of the Dungeon
  4067 | D:5      | Reached XP level 6. HP: 36/45 MP: 6/6
  4130 | D:5      | Reached skill level 5 in Fighting
  4130 | D:5      | Reached skill level 1 in Short Blades
  4277 | D:5      | Reached skill level 5 in Polearms
  4277 | D:5      | Reached XP level 7. HP: 50/50 MP: 7/7
  4350 | D:5      | Reached *** piety under Hepliaklqana
  4467 | D:5      | Reached XP level 8. HP: 47/55 MP: 8/8
  4523 | D:5      | Identified the +6 scimitar "Hofuz" {flame, rC+ Str+3}
  5144 | D:6      | Learned a level 2 spell: Poisonous Vapours
  5147 | D:6      | Learned a level 2 spell: Passwall
  5398 | D:6      | Reached skill level 1 in Spellcasting
  5398 | D:6      | Reached skill level 1 in Earth Magic
  5398 | D:6      | Reached skill level 1 in Poison Magic
  5424 | D:6      | Found the +1 Delatra's gloves {ID++}
  5624 | D:6      | Reached XP level 9. HP: 56/61 MP: 11/11
  6257 | D:6      | Found Zeuqit's Magic Scroll Boutique.
  6622 | D:7      | Reached **** piety under Hepliaklqana
  6892 | D:7      | Found a blossoming altar of Fedhas.
  6893 | D:7      | Found a stormy altar of Qazlal.
  6905 | D:7      | Found a glowing silver altar of Zin.
  7458 | D:2      | Found a hide-covered altar of Uskayaw.
  8645 | D:8      | Reached skill level 5 in Stealth
  8655 | D:8      | Reached skill level 5 in Earth Magic
  8655 | D:8      | Reached skill level 5 in Poison Magic
  8700 | D:8      | Reached XP level 10. HP: 58/66 MP: 13/13
  8853 | D:8      | Reached skill level 10 in Polearms
  8853 | D:8      | Reached skill level 1 in Transmutations
  8875 | D:8      | Reached skill level 1 in Air Magic
  8883 | D:8      | Found a staircase to the Lair.
  9661 | D:9      | Reached skill level 6 in Fighting
  9841 | D:9      | Reached ***** piety under Hepliaklqana
 10138 | D:9      | Reached XP level 11. HP: 72/74 MP: 14/14
 10307 | D:9      | Found a shimmering blue altar of Sif Muna.
 10307 | D:9      | Found a hide-covered altar of Uskayaw.
 10449 | D:10     | Entered Level 10 of the Dungeon
 10751 | D:10     | Noticed a two-headed ogre
 10754 | D:10     | Reached skill level 1 in Shields
 11021 | D:10     | Reached skill level 7 in Fighting
 11224 | D:10     | Noticed a two-headed ogre
 11224 | D:10     | Killed a two-headed ogre
 11231 | D:10     | Killed a two-headed ogre
 11507 | D:10     | Found Iviony's CLEARANCE SALE!.
 11713 | D:10     | Noticed a two-headed ogre
 11777 | D:10     | Killed a two-headed ogre
 11778 | D:10     | Reached skill level 8 in Fighting
 11851 | D:10     | Noticed a catoblepas
 11859 | D:10     | Killed a catoblepas
 11860 | D:10     | Reached skill level 5 in Shields
 12065 | D:10     | Noticed a two-headed ogre
 12077 | D:10     | Killed a two-headed ogre
 12078 | D:10     | Reached XP level 12. HP: 72/84 MP: 15/15
 12951 | D:10     | Reached skill level 9 in Fighting
 12998 | D:11     | Noticed Erolcha
 13002 | D:11     | Killed Erolcha
 13124 | D:11     | Found a gate leading to a gauntlet.
 13145 | Gauntlet | Entered a Gauntlet
 13145 | Gauntlet | Found a runed translucent door.
 13145 | Gauntlet | Found a transporter.
 13145 | Gauntlet | Found a runed translucent door.
 13145 | Gauntlet | Found a transporter.
 13147 | Gauntlet | Noticed a death scarab
 13149 | Gauntlet | Found a transporter.
 13149 | Gauntlet | Noticed a catoblepas
 13152 | Gauntlet | Found a transporter.
 13152 | Gauntlet | Found a transporter.
 13197 | Gauntlet | Found a transporter.
 13199 | Gauntlet | Found a transporter.
 13199 | Gauntlet | Found a transporter.
 13214 | Gauntlet | Found a transporter.
 13227 | Gauntlet | Found a transporter.
 13230 | Gauntlet | Noticed a death drake
 13307 | Gauntlet | Killed a death scarab
 13338 | Gauntlet | Found a transporter.
 13374 | Gauntlet | Found a transporter.
 13377 | Gauntlet | Noticed a death yak
 13380 | Gauntlet | Noticed a death yak
 13405 | Gauntlet | Noticed a death yak
 13486 | Gauntlet | Reached skill level 10 in Fighting
 13542 | Gauntlet | Noticed a minotaur
 13553 | Gauntlet | Killed a minotaur
 13909 | D:11     | Reached skill level 10 in Shields
 14107 | D:11     | Reached skill level 11 in Fighting
 14113 | D:11     | Reached XP level 13. HP: 91/95 MP: 16/16
 14128 | D:11     | Found a staircase to the Orcish Mines.
 14565 | D:11     | Found Limpuvig's General Store.
 14634 | D:11     | Found a basalt altar of Yredelemnul.
 14873 | Lair:1   | Entered Level 1 of the Lair of Beasts
 14921 | Lair:1   | You fall into a shaft and drop 1 floor!
 15187 | Lair:1   | Noticed an ice dragon
 15477 | Lair:1   | Killed an ice dragon
 15478 | Lair:1   | Reached skill level 12 in Fighting
 16191 | Lair:2   | Reached ****** piety under Hepliaklqana
 16579 | Lair:2   | Reached skill level 13 in Fighting
 16581 | Lair:2   | Found a staircase to the Swamp.
 16775 | Lair:2   | Learned a level 4 spell: Olgreb's Toxic Radiance
 17001 | Lair:3   | Found a hole to the Spider Nest.
 17070 | Lair:3   | Reached XP level 14. HP: 62/106 MP: 17/17
 18644 | Lair:4   | Reached skill level 14 in Fighting
 19155 | Lair:4   | Found a staircase to the Slime Pits.
 19417 | Lair:5   | Entered Level 5 of the Lair of Beasts
 19508 | Lair:5   | Reached skill level 15 in Shields
 19652 | Lair:5   | Reached skill level 1 in Invocations
 19657 | Lair:5   | Noticed Sonja
 19661 | Lair:5   | Sonja changed into Sonja the steam dragon
 19661 | Lair:5   | Noticed Sonja
 19667 | Lair:5   | Killed Sonja the steam dragon
 20303 | Lair:5   | Reached XP level 15. HP: 104/114 MP: 18/20
 21253 | Lair:5   | Reached skill level 10 in Poison Magic
 21256 | Lair:5   | Reached skill level 15 in Fighting
 21406 | Lair:5   | Reached skill level 1 in Armour
 23004 | D:13     | Found a shadowy altar of Dithmenos.
 23037 | D:13     | Found a gate to the Vaults.
 23521 | D:14     | Reached XP level 16. HP: 116/117 MP: 22/22
 23521 | D:14     | Noticed Lodul
 23530 | D:14     | Killed Lodul
 23633 | D:14     | Noticed Azrael
 24260 | D:14     | Found an iron altar of Okawaru.
 24441 | D:14     | Killed Azrael
 24498 | D:15     | Entered Level 15 of the Dungeon
 24938 | D:15     | Reached skill level 15 in Polearms
 24946 | D:15     | Reached skill level 5 in Armour
 25717 | D:15     | Reached skill level 10 in Earth Magic
 25726 | D:15     | Reached skill level 16 in Fighting
 26257 | D:15     | Found a staircase to the Depths.
 26401 | D:15     | Reached skill level 1 in Evocations
 26880 | Orc:1    | Entered Level 1 of the Orcish Mines
 26901 | Orc:1    | Found Buykups's Weapon Boutique.
 26999 | Orc:2    | Entered Level 2 of the Orcish Mines
 27015 | Orc:1    | Found Qatukev's Weapon Emporium.
 27041 | Orc:1    | Found a dark tunnel.
 27046 | Volcano  | Entered a volcano
 27174 | Orc:2    | Found a frozen archway.
 27292 | IceCv    | Entered an ice cave
 28020 | IceCv    | Found the +4 skin of Zhor {*Englaciate rC+++ SInv}
 28556 | Orc:2    | Found a staircase to the Elven Halls.
 28686 | Orc:2    | Reached XP level 17. HP: 130/130 MP: 23/23
 29236 | Orc:2    | Found Fujomm's Distillery.
 29240 | Orc:2    | Found Davvim's Distillery.
 29247 | Orc:2    | Found Porhir's General Store.
 29266 | Orc:2    | Found Tuckouff's Armour Shoppe.
 29288 | Orc:2    | Gained mutation: You have very sharp teeth. [potion of
                  | mutation]
 29288 | Orc:2    | Gained mutation: Your magical capacity is low. (-10% MP)
                  | [potion of mutation]
 29288 | Orc:2    | Gained mutation: You have sharp toenails. [potion of
                  | mutation]
 29288 | Orc:2    | Gained mutation: Your mind is acute. (Int +4, Str/Dex -1)
                  | [potion of mutation]
 29289 | Orc:2    | Lost mutation: You have very sharp teeth. [potion of
                  | mutation]
 29289 | Orc:2    | Lost mutation: Your magical capacity is low. (-10% MP)
                  | [potion of mutation]
 29289 | Orc:2    | Lost mutation: You have sharp toenails. [potion of
                  | mutation]
 29289 | Orc:2    | Gained mutation: Your body sometimes deteriorates upon
                  | taking damage. [potion of mutation]
 29289 | Orc:2    | Gained mutation: Your magical capacity is low. (-10% MP)
                  | [potion of mutation]
 29290 | Orc:2    | Lost mutation: Your magical capacity is low. (-10% MP)
                  | [potion of mutation]
 29290 | Orc:2    | Lost mutation: Your body sometimes deteriorates upon taking
                  | damage. [potion of mutation]
 29290 | Orc:2    | Lost mutation: Your mind is acute. (Int +4, Str/Dex -1)
                  | [potion of mutation]
 29290 | Orc:2    | Gained mutation: Your mind is acute. (Int +4, Str/Dex -1)
                  | [potion of mutation]
 29290 | Orc:2    | Gained mutation: You are resistant to electric shocks.
                  | (rElec) [potion of mutation]
 29532 | Spider:1 | Entered Level 1 of the Spider Nest
 30045 | Spider:1 | Reached skill level 17 in Fighting
 30569 | Spider:1 | You fall into a shaft and drop 1 floor!
 32025 | Spider:3 | Noticed Jorgrun
 32069 | Spider:3 | Killed Jorgrun
 32196 | Spider:3 | Identified the ring of Wefong {rElec rF+ Will++ AC+4}
 32827 | Spider:3 | Reached skill level 5 in Spellcasting
 33009 | Spider:4 | Entered Level 4 of the Spider Nest
 33356 | Spider:4 | Noticed Mlioglotl
 33556 | Swamp:1  | Entered Level 1 of the Swamp
 33565 | Swamp:1  | Reached skill level 10 in Armour
 33570 | Swamp:1  | Reached XP level 18. HP: 115/140 MP: 25/25
 33675 | Swamp:1  | Identified Roxanne's Catalogue of the Xenotype
 33675 | Swamp:1  | Noticed Roxanne
 34396 | Swamp:1  | Noticed Frances
 34397 | Swamp:1  | Noticed Kirke
 34482 | Lair:2   | Killed Kirke
 34483 | Lair:2   | Reached skill level 18 in Fighting
 34587 | Swamp:1  | Killed Frances
 34823 | Swamp:1  | Noticed a tentacled monstrosity
 34843 | Swamp:1  | Killed a tentacled monstrosity
 35076 | Swamp:1  | Noticed Josephine
 35083 | Swamp:1  | Killed Josephine
 35309 | Swamp:1  | Lost mutation: You are resistant to electric shocks.
                  | (rElec) [potion of mutation]
 35309 | Swamp:1  | Lost mutation: Your mind is acute. (Int +4, Str/Dex -1)
                  | [potion of mutation]
 35309 | Swamp:1  | Gained mutation: You occasionally lose the ability to drink
                  | potions when taking damage. [potion of mutation]
 35309 | Swamp:1  | Gained mutation: You are vulnerable to heat. (rF-) [potion
                  | of mutation]
 35310 | Swamp:1  | Lost mutation: You are vulnerable to heat. (rF-) [potion of
                  | mutation]
 35310 | Swamp:1  | Lost mutation: You occasionally lose the ability to drink
                  | potions when taking damage. [potion of mutation]
 35310 | Swamp:1  | Gained mutation: You occasionally shout uncontrollably at
                  | your foes. [potion of mutation]
 35310 | Swamp:1  | Gained mutation: Your mind is acute. (Int +4, Str/Dex -1)
                  | [potion of mutation]
 35311 | Swamp:1  | Lost mutation: Your mind is acute. (Int +4, Str/Dex -1)
                  | [potion of mutation]
 35311 | Swamp:1  | Lost mutation: You occasionally shout uncontrollably at
                  | your foes. [potion of mutation]
 35311 | Swamp:1  | Gained mutation: You are weak. (Str -2) [potion of
                  | mutation]
 35311 | Swamp:1  | Gained mutation: You are frail. (-10% HP) [potion of
                  | mutation]
 35311 | Swamp:1  | Lost mutation: You are frail. (-10% HP) [potion of
                  | mutation]
 35312 | Swamp:1  | Lost mutation: You are weak. (Str -2) [potion of mutation]
 35312 | Swamp:1  | Gained mutation: You are somewhat resistant to further
                  | mutation. [potion of mutation]
 35312 | Swamp:1  | Gained mutation: You possess an exceptional clarity of
                  | mind. [potion of mutation]
 35556 | Swamp:2  | Found a runed translucent door.
 35557 | Swamp:2  | Noticed xfalz's ghost (journeyman GnSk)
 35735 | Swamp:2  | Identified a scroll of acquirement
 37227 | Swamp:4  | Entered Level 4 of the Swamp
 37931 | Swamp:4  | Reached XP level 19. HP: 144/146 MP: 26/26
 38139 | Swamp:4  | Noticed the 27-headed Lernaean hydra
 38511 | Spider:4 | Killed Mlioglotl
 40843 | Spider:4 | Got a gossamer rune of Zot
 41483 | Orc:2    | Bought a scroll of poison for 48 gold pieces
 41483 | Orc:2    | Bought a potion of cancellation for 96 gold pieces
 41483 | Orc:2    | Bought a potion of might for 48 gold pieces
 41483 | Orc:2    | Bought a scroll of enchant armour for 90 gold pieces
 41495 | Orc:2    | Bought a potion of might for 48 gold pieces
 41495 | Orc:2    | Bought a potion of invisibility for 96 gold pieces
 41499 | Orc:2    | Bought a potion of might for 56 gold pieces
 41499 | Orc:2    | Bought a potion of might for 56 gold pieces
 41499 | Orc:2    | Bought a potion of curing for 42 gold pieces
 41499 | Orc:2    | Bought a potion of invisibility for 112 gold pieces
 41499 | Orc:2    | Bought a potion of magic for 112 gold pieces
 41499 | Orc:2    | Bought a potion of curing for 42 gold pieces
 41499 | Orc:2    | Bought a potion of invisibility for 112 gold pieces
 41631 | D:11     | Bought 2 potions of invisibility for 192 gold pieces
 41759 | D:6      | Bought a scroll of butterflies for 60 gold pieces
 41759 | D:6      | Bought a scroll of fear for 60 gold pieces
 41759 | D:6      | Bought a scroll of silence for 142 gold pieces
 41759 | D:6      | Bought a scroll of fear for 60 gold pieces
 41973 | Elf:1    | Entered Level 1 of the Elven Halls
 42193 | Elf:1    | Found Hevutoda's Jewellery Shoppe.
 42786 | Elf:1    | Got the Tractate on the Crypt
 42946 | Elf:1    | Reached skill level 15 in Armour
 43830 | Elf:2    | Reached XP level 20. HP: 124/153 MP: 27/27
 43907 | Elf:2    | Found a runed translucent gate.
 43908 | Elf:2    | Found a runed translucent gate.
 43908 | Elf:2    | Found a runed translucent gate.
 43977 | Elf:2    | Noticed Nikola
 43990 | Elf:2    | Killed Nikola
 44422 | Elf:3    | Entered Level 3 of the Elven Halls
 45330 | Elf:3    | Got the Codex of Fulmination and Attendants
 46006 | Elf:3    | Reached skill level 5 in Invocations
 46369 | Elf:3    | Identified the ring of Propriety {Fly rF+ rCorr}
 46934 | Elf:3    | Identified the +1 pair of gloves of Xacost {Int+5}
 46984 | Elf:3    | Identified the ring "Fauj" {rC- rCorr EV+5 Dex+3}
 47192 | Elf:3    | Got the Guide on the Unstable Hornet
 47197 | Elf:3    | Learned a level 3 spell: Ignite Poison
 47198 | Elf:3    | Got the Compilation of Bodies and Shaping
 47200 | Elf:3    | Identified the staff of death "Ciattoa" {rF- rN+ Dex+6}
 47926 | Elf:2    | Reached XP level 21. HP: 127/160 MP: 28/28
 48014 | Elf:2    | Reached skill level 5 in Dodging
 48416 | Elf:2    | Acquired a +2 pair of gloves of strength
 48716 | Depths:1 | Entered Level 1 of the Depths
 48781 | Depths:1 | Noticed a juggernaut
 48794 | Depths:1 | Killed a juggernaut
 49008 | Depths:1 | Found Venec's Book Shoppe.
 49008 | Depths:1 | Found Alut Qit's Book Emporium.
 49039 | Depths:1 | Found a one-way gateway to a ziggurat.
 49285 | Depths:1 | Identified the +5 dire flail of Calamity {speed, rF+ Will+
                  | Str+5}
 49670 | Depths:1 | Reached skill level 19 in Fighting
 49805 | Depths:1 | Identified the +5 rapier of Intimidation {freeze, Dex+4}
 49864 | Depths:1 | Found a gateway to Hell.
 49912 | Depths:1 | Found a stormy altar of Qazlal.
 50246 | Depths:1 | Identified the +6 lajatang of Unpleasantness {antimagic,
                  | rF- Int+4 Dex+3}
 50246 | Depths:1 | Noticed a doom hound
 50812 | Depths:1 | Killed a doom hound
 51157 | Depths:2 | Found Wevvem's Weapon Boutique.
 51163 | Depths:2 | Found Mujeg's Armour Boutique.
 51190 | Depths:2 | Reached XP level 22. HP: 169/169 MP: 29/29
 51238 | Depths:2 | Bought the +8 lance "Wyrmbane" {slay drac, rPois rF+ rC+
                  | AC+3} for 1858 gold pieces
 51238 | Depths:2 | Found the +8 lance "Wyrmbane" {slay drac, rPois rF+ rC+
                  | AC+3}
 51598 | Depths:2 | Identified the +6 mace "Logopt" {venom, +Blink rPois rF+
                  | rN+}
 51851 | Depths:2 | Found a one-way gate leading to the halls of Pandemonium.
 51876 | Depths:2 | Identified the +10 falchion of the Telling Queen {freeze,
                  | Int+5}
 51975 | Depths:2 | Identified the +1 leather armour "Plog" {rPois}
 53041 | Depths:3 | Noticed Margery
 53071 | Depths:3 | Killed Margery
 53361 | Depths:3 | Noticed Mennas
 53394 | Depths:3 | Killed Mennas
 53806 | Depths:3 | Found a broken altar of Ashenzari.
 53960 | Depths:3 | Found an ancient bone altar of Kikubaaqudgha.
 54194 | Depths:3 | Identified the staff of cold "Bioten" {rC+ Dex+5}
 54342 | Depths:3 | Identified the +4 hand axe of Sudden Death {protect, rC+
                  | Int+2 Dex+3}
 54802 | Depths:3 | Reached skill level 20 in Fighting
 54932 | Depths:3 | Found a one-way gate to the infinite horrors of the Abyss.
 55380 | Depths:3 | Reached XP level 23. HP: 137/175 MP: 30/30
 55604 | Depths:3 | Identified the staff of conjuration "Qeschiol" {rF+ Str+4}
 55702 | Depths:4 | Entered Level 4 of the Depths
 55818 | Depths:4 | Found a blossoming altar of Fedhas.
 56330 | Depths:4 | Noticed a caustic shrike
 56334 | Depths:4 | Noticed a caustic shrike
 56334 | Depths:4 | Noticed a caustic shrike
 56335 | Depths:4 | Noticed a caustic shrike
 56336 | Depths:4 | Noticed a caustic shrike
 56344 | Depths:4 | Killed a caustic shrike
 56350 | Depths:4 | Killed a caustic shrike
 56350 | Depths:4 | Killed a caustic shrike
 56352 | Depths:4 | Killed a caustic shrike
 56352 | Depths:4 | Killed a caustic shrike
 56939 | Depths:4 | Noticed a golden dragon
 56962 | Depths:4 | Killed a golden dragon
 57033 | Depths:4 | Found a gate to the Realm of Zot.
 57350 | Vaults:1 | Entered Level 1 of the Vaults
 57520 | Vaults:1 | Reached skill level 10 in Dodging
 57649 | Vaults:1 | Found Xeor's Magic Scroll Shoppe.
 57656 | Vaults:1 | Bought a scroll of fog for 60 gold pieces
 58051 | Vaults:1 | Found Lampia Poit's Distillery.
 58054 | Vaults:1 | Found Zoerej's Jewellery Shop.
 58065 | Vaults:1 | Bought a potion of heal wounds for 95 gold pieces
 58065 | Vaults:1 | Bought a potion of heal wounds for 95 gold pieces
 58065 | Vaults:1 | Bought 2 potions of curing for 114 gold pieces
 58169 | Vaults:1 | Found Saguir's General Store.
 58176 | Vaults:1 | Bought a scroll of immolation for 88 gold pieces
 58553 | Vaults:1 | Found Xumiwk's Assorted Antiques.
 58583 | Vaults:1 | Reached skill level 21 in Fighting
 58631 | Vaults:1 | Noticed Zenata
 58642 | Vaults:1 | Killed Zenata
 58643 | Vaults:1 | Reached XP level 24. HP: 187/187 MP: 30/30
 58758 | Vaults:1 | Noticed a golden dragon
 58763 | Vaults:1 | Killed a golden dragon
 59250 | Vaults:2 | Noticed Mara
 59257 | Vaults:2 | Noticed ImaNewbie's illusion
 59438 | Vaults:2 | Noticed Donald
 59455 | Vaults:2 | Killed Donald
 59905 | Vaults:2 | Killed Mara
 60238 | Vaults:2 | Found a glowing silver altar of Zin.
 60238 | Vaults:2 | Found a glowing golden altar of the Shining One.
 60240 | Vaults:2 | Found a white marble altar of Elyvilon.
 61085 | Vaults:3 | Found a staircase to the Crypt.
 61085 | Vaults:3 | Found an ancient bone altar of Kikubaaqudgha.
 61085 | Vaults:3 | Found a basalt altar of Yredelemnul.
 61238 | Vaults:3 | Found Xock's Magic Scroll Shop.
 61288 | Vaults:3 | Reached skill level 22 in Fighting
 61543 | Vaults:3 | Reached XP level 25. HP: 195/195 MP: 26/30
 62521 | Vaults:4 | Found a runed translucent door.
 63492 | Slime:1  | Entered Level 1 of the Pits of Slime
 63691 | Slime:5  | Entered Level 5 of the Pits of Slime
 63859 | Slime:5  | Reached skill level 23 in Fighting
 64024 | Slime:5  | Gained mutation: You occasionally shout uncontrollably at
                  | your foes. [a shining eye]
 64049 | Slime:5  | HP: 2/198 [acid blob/splash of acid (18)]
 64053 | Slime:5  | Mangled by a rockslime

Illustrated notes

Levels and vault maps discovered:
D:1:      minmay_arrival_shattered_statue, layout_basic
D:2:      layout_basic, serial_forest, infiniplex_forest_clump_double,
          infiniplex_forest_lined_3_way, infiniplex_forest_clump_medium,
          infiniplex_forest_zigzag_1, infiniplex_forest_zigzag_1,
          infiniplex_forest_straight_2, infiniplex_forest_straight_2,
          infiniplex_forest_end_2, infiniplex_forest_end_double, basic_altar,
          minmay_crystal_water
D:3:      layout_basic, serial_undead, serial_undead_c, serial_undead_a,
          serial_undead_e, serial_undead_b, uniq_ijyb
D:4:      layout_loops_cross, nicolae_gozag_cash_rules_everything_around_me,
          makhleb_altar_promises_db, minmay_temple_entry_arrows
D:5:      nicolae_cairo_tiling_large_dashed, layout_loops_cross, nzn_random_ring
D:6:      layout_loops_ring, serial_shops, nicolae_shop_rolled_up,
          pf_guarded_unrand_delatra
D:7:      layout_gridville, chequers_temple_overflow_statue_of_worship
D:8:      layout_loops_corners, minmay_lair_entry_grove
D:9:      layout_roguey, gammafunk_temple_overflow_elements,
          minmay_misc_feat_encased, minivault_25
D:10:     minmay_imperfect_grid, layout_basic, nicolae_shop_clearance
D:11:     layout_roguey [special_room_orc], david_orc_5, serial_shops, shop,
          gauntlet_entry_generic, yredelemnul_forgotten_temple_becter,
          uniq_erolcha
D:12:     layout_basic, st_stairs_9
D:13:     layout_roguey, erik_vaults_1, serial_glass, glass_columns_c,
          glass_columns_b, nicolae_dithmenos_through_a_glass_darkly
D:14:     layout_loops_ring, okawaru_ov_weapons_minmay, uniq_azrael, uniq_lodul
D:15:     hangedman_depths_entry_civil_slaughter, layout_gridville,
          hangedman_decor_clover_reticule
Temple:   minmay_freezing_vapour_temple
Lair:1:   dragon1_lemuel, layout_chaotic_city, lemuel_old_faithful,
          lemuel_fruit_tree
Lair:2:   layout_long_grid, minmay_swamp_entry_worms, serial_bayou_shore_a
Lair:3:   layout_loops_ring, nicolae_spider_entry_non_spiders,
          serial_bayou_lagoon_b
Lair:4:   dreamdust_cave_troll, layout_layer_cave, slime_entry_1,
          grunt_megastairs_4
Lair:5:   hangedman_lair_in_review, layout_cave_pods,
          hangedman_lair_caniforms_friends, st_stairs_13,
          nicolae_lair_grove_arrangements, uniq_sonja
Swamp:1:  layout_basic_swamp, nicolae_swamp_bean_lake, swamp_pool1,
          grunt_witch_cave, infiniplex_staircase_pool, uniq_frances,
          uniq_roxanne, uniq_josephine, uniq_kirke
Swamp:2:  layout_basic_swamp, ebering_ghost_inner_flame,
          evilmike_swamp_ruin_house_5, swamp_pool5,
          nicolae_swamp_necromancy_gone_wrong
Swamp:3:  layout_basic_swamp, nicolae_swamp_dense_foliage
Swamp:4:  swamp_basic_johnstein, layout_basic_swamp
Spider:1: layout_spider_delve, nicolae_spider_baby_got_redback,
          hangedman_spider_tarantella_strand
Spider:2: layout_spider_delve
Spider:3: layout_spider_delve, nicolae_spider_cling_halls, uniq_jorgrun
Spider:4: guppyfry_spider_rune, uniq_mlioglotl
Slime:1:  layout_caves
Slime:2:  layout_caves
Slime:3:  layout_caves, cheibrodos_slime_lost_civilization_4
Slime:4:  layout_caves
Slime:5
Orc:1:    layout_caves, serial_shops, nicolae_lakefront_shop,
          nicolae_shop_bloodbath_and_beyond, enter_volcano_1, special_room
          [special_room_bee]
Orc:2:    st_orc_elflike, layout_diamond_mine,
          portal_ice_cave_entry_ice_simulacra, minmay_orc_barracks
Elf:1:    minmay_elf_arrival_summoners, layout_loops_corners, serial_shops,
          shop, minmay_elf_necromancy
Elf:2:    nicolae_elf_blades_crystal_corner, layout_gridlike, uniq_nikola
Elf:3:    minmay_elf_hall_dome, layout_onion_city, minmay_elf_sorcery
Vaults:1: nicolae_vaults_storage_closets_3, nicolae_vaults_closet_pinwheel_2,
          nicolae_vaults_mitosis, nicolae_vaults_lopsided_apartments,
          nicolae_vaults_gold_heap, nicolae_vaults_tetromino_T_2,
          vaults_dpeg_diagonal, vaults_dpeg_encased_lava, grunt_vaults_swirl,
          grunt_vaults_diagonal, vaults_dpeg_spiral, v_misc_9,
          nicolae_vaults_house_3, nicolae_vaults_six-pack,
          layout_vaults_big_cross, serial_shops, shop, nicolae_square_shop,
          shop, nicolae_shop_behind_doors, nicolae_shop_window_shopping,
          uniq_zenata
Vaults:2: portal_desolation_entry_holy_temple, v_misc_18,
          hangedman_vaults_stretched_pinwheel, ontoclasm_vaults_ligature,
          nicolae_vaults_little_squares_5, hangedman_vaults_cutoff,
          hangedman_vaults_maws, v_misc_16, nicolae_vaults_more_shelving_1,
          layout_vaults_chaotic_city, uniq_mara, uniq_donald
Vaults:3: st_quartered_hall, minmay_crypt_entry_necro_gods,
          ontoclasm_vaults_chip, nicolae_vaults_diamond_1, v_misc_26, v_misc_9,
          nicolae_vaults_frosty_reception, v_pattern_4, vaults_room_hallway,
          grunt_vaults_funnel, layout_vaults_omnigrid, serial_shops,
          nicolae_shop_crystal
Vaults:4: nicolae_vaults_alarming, nicolae_vaults_oozy_zoo,
          vaults_mumra_chevron_long, nicolae_vaults_house_3,
          nicolae_vaults_bisected_exclaves, v_misc_5,
          nicolae_vaults_storage_closets_2, vaults_room_grunt_arrival_ludios,
          nicolae_vaults_wine_cellar, layout_vaults_maze_snakey
Depths:1: grunt_crosshair, layout_basic, enter_ziggurat_f, lemuel_crystal_altar,
          hangedman_coc_ice_floe, beargit_elvish_explorers, minmay_shoptagon
Depths:2: minmay_cut_squares, layout_honeycomb, pf_hell_entry_tar_river,
          pan_entry, chequers_serial_rivers_room_b, minmay_shop_star
Depths:3: evilmike_negative_zone, layout_gridlike, grunt_mini_vestibule,
          abyss_entry, ashenzari_altar_1, minmay_misc_feat_hallway,
          infiniplex_staircase_pool_1, uniq_margery, uniq_mennas
Depths:4: evilmike_zot_entry_hall, layout_gridville, minmay_misc_feat_square,
          grunt_pan_entry_spiral, hell_entry, fedhas_altar_2,
          grunt_megastairs_2, serial_bayou_shore_b

Skill      XL: |  1  2  3  4  5  6  7  8  9 10 11 12 13 14 15 16 17 18 19 20 21 22 23 24 25 |
---------------+----------------------------------------------------------------------------+-----
Fighting       | 4 5 6 8 11 13 14 15 16 17 18 19 20 21 22 23 | 23.0
Stealth        | 1 2 3 4 5 |  5.0
Polearms       | 4 5 6 8 9 10 11 12 13 14 15 16 18 19 20 21 | 21.9
Short Blades   | 2 4 |  4.0
Spellcasting   | 1 2 3 4 5 |  5.0
Earth Magic    | 2 5 6 8 9 10 | 10.2
Poison Magic   | 2 5 7 8 10 12 | 12.0
Transmutations | 2 4 |  4.0
Air Magic      | 2 |  2.0
Shields        | 6 10 13 15 17 18 19 20 | 20.0
Invocations    | 3 4 6 8 |  8.0
Armour         | 4 7 10 13 15 16 17 18 19 20 21 | 21.6
Evocations     | 3 4 |  4.0
Dodging        | 4 6 8 10 | 10.2

Action                     |  1- 3 |  4- 6 |  7- 9 | 10-12 | 13-15 | 16-18 | 19-21 | 22-24 | 25-27 || total
---------------------------+-------+-------+-------+-------+-------+-------+-------+-------+-------++-------
  Melee: Dagger            |    98 |   101 |   217 |   138 |     2 |    14 |       |       |       ||   570
         Spear             |     2 |       |    27 |       |       |       |       |       |       ||    29
         Unarmed           |       |       |       |     2 |       |       |       |       |       ||     2
         Trident           |       |       |       |    57 |       |       |       |       |       ||    57
         Glaive            |       |       |       |   198 |   944 |  1131 |   999 |   629 |       ||  3901
         Lance             |       |       |       |       |       |       |       |   211 |    90 ||   301
         Bardiche          |       |       |       |       |       |       |       |   404 |   322 ||   726
  Throw: Javelin           |       |     2 |     8 |     1 |     2 |    16 |     1 |       |       ||    30
         Dart              |       |       |     3 |    12 |     5 |     6 |    10 |     1 |       ||    37
         Boomerang         |       |       |       |       |       |     2 |       |       |       ||     2
   Cast: Poisonous Vapours |       |       |       |     3 |    13 |    15 |    40 |     1 |     2 ||    74
         Olgreb's Toxic Ra |       |       |       |       |     5 |    15 |    32 |    30 |     6 ||    88
         Passwall          |       |       |       |       |     1 |    10 |     8 |     3 |       ||    22
         Ignite Poison     |       |       |       |       |       |       |     4 |    10 |       ||    14
 Invoke: Ancestor Life: He |       |     1 |       |       |       |       |       |       |       ||     1
         Ancestor Identity |       |     1 |       |       |       |       |       |       |       ||     1
         Recall Ancestor   |       |       |       |     4 |     5 |     7 |     6 |     3 |     2 ||    27
         Transference      |       |       |       |     1 |     1 |       |     1 |     1 |       ||     4
         Idealise          |       |       |       |       |       |     2 |     4 |     1 |       ||     7
Ability: Dig               |     1 |     1 |       |       |     1 |     5 |     5 |     4 |     2 ||    19
  Evoke: Wand              |       |       |       |     4 |     2 |    15 |     4 |     4 |     1 ||    30
         Phantom mirror    |       |       |       |     2 |     1 |     1 |     1 |     1 |       ||     6
         Lightning rod     |       |       |       |       |       |     8 |     4 |     3 |       ||    15
         Box of beasts     |       |       |       |       |       |     3 |       |     1 |       ||     4
    Use: Scroll            |       |       |    13 |    10 |     3 |     5 |     4 |     7 |       ||    42
         Potion            |       |       |       |       |       |    11 |     4 |     1 |     4 ||    20
   Stab: Confused          |       |       |     9 |    13 |    28 |    26 |    41 |    58 |    31 ||   206
         Distracted        |       |       |     7 |    11 |    22 |    19 |    24 |    19 |     8 ||   110
         Petrifying        |       |       |       |     1 |       |       |       |       |       ||     1
         Sleeping          |       |       |       |     2 |    17 |    15 |     1 |     3 |     1 ||    39
         Paralysed         |       |       |       |       |    34 |   118 |    72 |   113 |    54 ||   391
         Invisible         |       |       |       |       |       |       |     3 |       |       ||     3
 Armour: Ring mail         |    20 |    30 |    60 |    53 |       |       |       |       |       ||   163
         Plate armour      |       |       |       |    23 |       |       |       |       |       ||    23
         Skin              |       |       |       |     1 |       |       |       |       |       ||     1
         Steam dragon scal |       |       |       |     8 |   138 |    31 |       |       |       ||   177
         Ice dragon scales |       |       |       |       |     3 |   122 |   293 |   272 |    35 ||   725
         Crystal plate arm |       |       |       |       |       |   216 |    40 |       |    49 ||   305
  Dodge: Dodged            |    50 |    46 |   170 |   178 |   437 |   442 |   369 |   441 |   114 ||  2247
         Repelled          |       |       |     1 |     4 |    10 |     1 |       |       |       ||    16
  Block: Kite shield       |       |       |       |    47 |   515 |   632 |   429 |   507 |   145 ||  2275
